cohdb
Replays
Latest Replays
All Replays
Popular Replays
Top Player Replays
Match Explorer
How It Works
Community
CoH3 Stats
Reddit
Sign in to upload your games and track your stats! →
Sign in with Steam
Match 19732793
Unlisted
Match 19732793
Overview
Messages
Build Orders
End
Selects Airborne Battlegroup
Selects Pathfinders
Pathfinder Squad
Pathfinder Squad
Construct Barracks
Construct Medical Station
Selects Paratrooper Squad Paradrop
Paratrooper Squad Paradrop
M1 Mortar Team
Paratrooper Squad Paradrop
Infantry Support Center
Construct Motor Pool
M24 Chaffee Light Tank
Selects Smoke Bombing Run
Selects Paradrop Reinforcements
M24 Chaffee Light Tank
Engineer Squad
AI Takeover
Takumi
MonoChrome
0
0
Comments
sign in to comment!
No comments posted yet!